 Dungeon Crawl Stone Soup version 0.21-a0-517-gd76cfe0 (webtiles) character file.

142 slep the Chopper (level 5, -2/43 HPs)
             Began as a Barachi Monk on Dec 4, 2017.
             Slain by Grinder (5 damage)
             ... on level 3 of the Dungeon.
             The game lasted 00:06:29 (1716 turns).

slep the Chopper (Barachi Monk)                     Turns: 1716, Time: 00:06:29

Health: -2/43      AC:  5    Str: 14    XL:     5   Next: 25%
Magic:  5/5        EV: 14    Int: 15    God:
Gold:   138        SH:  0    Dex: 14    Spells: 4/4 levels left

rFire    . . .     SeeInvis .   a - +0 hand axe
rCold    . . .     Gourm    .   (no shield)
rNeg     . . .     Faith    .   l - +0 leather armour
rPois    .         Spirit   .   j - +0 helmet
rElec    .         Reflect  .   (no cloak)
rCorr    .         Harm     .   n - +0 pair of gloves
MR       .....                  (no boots)
Stlth    ++........             h - amulet of regeneration
HPRegen  0.54/turn              (no ring)
MPRegen  0.09/turn              (no ring)

@: brilliant, slow
A: +LOS, swims, slowness 1, strong legs 1
a: Hop


You were on level 3 of the Dungeon.
You were not hungry.

You visited 1 branch of the dungeon, and saw 3 of its levels.

You collected 138 gold pieces.

Inventory:

Hand Weapons
 a - a +0 hand axe (weapon)
Armour
 b - a +0 robe
 j - a +0 helmet (worn)
 l - a +0 leather armour (worn)
 n - a +0 pair of gloves (worn)
Jewellery
 h - an amulet of regeneration (around neck)
Scrolls
 d - 3 scrolls of identify {unknown}
 e - a scroll of fear {unknown}
 m - a scroll of remove curse {unknown}
Potions
 i - a potion of curing {unknown}
 k - a potion of mutation {unknown}
 p - a potion of haste {unknown}
Comestibles
 c - 3 bread rations
 f - a meat ration
 o - a fruit
 r - a chunk of flesh
 s - a royal jelly


   Skills:
 + Level 4.5 Fighting
 + Level 4.6 Axes
 + Level 1.6 Armour
 + Level 4.2 Dodging
 + Level 2.0 Stealth


You had 4 spell levels left.
You didn't know any spells.

Dungeon Overview and Level Annotations

Branches:
Dungeon (3/15)

Altars:

Annotations:
D:3 Grinder


Innate Abilities, Weirdness & Mutations

Shadows flee at your approach. (+LOS)
You can swim through water.
You cover ground slowly.
You can hop short distances.


Message History

Grinder is moderately wounded.
Grinder struggles against the net.
You strike the helpless Grinder from behind!
You hit Grinder but do no damage.
Grinder is moderately wounded.
Grinder gestures at you. Pain shoots through your body!
* * * LOW HITPOINT WARNING * * *
Grinder struggles against the net.
You catch the helpless Grinder completely off-guard!
You hit Grinder but do no damage.
Grinder is moderately wounded.
You hit Grinder.
Grinder is moderately wounded.
Grinder struggles against the net.
The net rips apart, and Grinder comes free!
You slash Grinder!
Grinder is heavily wounded.
Grinder hits you.
You die...

#..#.##.#
#..#.##.#
#..#.##.#
#.......#
##....###
###..# #.)#
#.5#
########.@#
..........#
#.#########


You could see Grinder.

Vanquished Creatures
  Jessica (D:2)
  3 gnolls (D:2)
  5 adders
  A leopard gecko (D:2)
  2 orcs (D:3)
  2 bats
  A giant cockroach (D:2)
  2 goblins (D:1)
  2 hobgoblins
  11 jackals
  A ball python (D:2)
  5 frilled lizards
  3 kobolds
  3 rats
42 creatures vanquished.

Notes
Turn   | Place    | Note
-------+----------+-------------------------------------------
     0 | D:1      | slep the Barachi Monk began the quest for the Orb.
     0 | D:1      | Reached XP level 1. HP: 18/18 MP: 1/1
   202 | D:1      | Reached XP level 2. HP: 21/25 MP: 2/2
   714 | D:2      | Reached XP level 3. HP: 23/30 MP: 3/3
   797 | D:2      | Noticed Jessica
   811 | D:2      | Killed Jessica
   811 | D:2      | Reached XP level 4. HP: 10/38 MP: 4/4
  1076 | D:2      | Reached skill level 1 in Armour
  1127 | D:2      | Reached XP level 5. HP: 40/43 MP: 5/5
  1684 | D:3      | Noticed Grinder
  1690 | D:3      | Paralysed by Grinder for 4 turns
  1713 | D:3      | HP: 1/43 [Grinder/nerve-wracking pain (14)]
  1716 | D:3      | Slain by Grinder

Vault maps used:
D:1:      minmay_arrival_four_circles, grunt_decor_one_mirror, moated_statue
D:2:      uniq_jessica
D:3:      first_bread, uniq_grinder

Skill      XL: |  1  2  3  4 |
---------------+-------------+-----
Fighting       | 4 |  4.5
Axes           | 4 |  4.6
Dodging        | 4 |  4.2
Stealth        | 2 |  2.0
Armour         | 1 |  1.6

Action                   |  1- 3 |  4- 6 || total
-------------------------+-------+-------++-------
Melee: Hand axe          |   127 |   113 ||   240
Throw: Throwing net      |       |     2 ||     2
  Use: Potion            |       |     1 ||     1
 Stab: Sleeping          |     2 |     1 ||     3
       Held in net/web   |       |     2 ||     2
  Eat: Chunk             |       |     4 ||     4
Armor: Robe              |    24 |       ||    24
       Leather armour    |     9 |    29 ||    38
Dodge: Dodged            |   108 |    82 ||   190

Table legend:
 A = Spawn XP
 B = Non-spawn XP
 C = Spawn XP percentage of total XP
 D = Spawn monster count
 E = Non-spawn monster count
 F = Spawn count percentage of total count
 G = Total turns spent on level
                    A         B        C        D         E        F      G
               +---------+---------+-------+---------+---------+-------+---------
         Total |       0 |     204 |   0.0 |       0 |      42 |   0.0 |  1716
               +---------+---------+-------+---------+---------+-------+---------
           D:1 |       0 |      30 |   0.0 |       0 |      17 |   0.0 |   626
           D:2 |       0 |     150 |   0.0 |       0 |      19 |   0.0 |   967
           D:3 |       0 |      24 |   0.0 |       0 |       6 |   0.0 |   123
               +---------+---------+-------+---------+---------+-------+---------
